Map: Abyssal Reef LE

Players

Harstem

  • Race: Protoss Protoss
  • League: Master
  • Spawn Location: 11:00

ByuN - Winner!

  • Race: Terran Terran
  • Spawn Location: 5:00

Event: HomeStory Cup XV

VOD

Have the link to the VOD?

Description

Time

  • Played on: July 23, 2017, 12:09 p.m.
  • Length: 9:41

All games in this series

Show
View Real Time Build Order
Export as new Build Order

Harstem Protoss 

Build Orders: 1 Gate Expand, Oracle Opening, Phoenix Opening 

Get SALT Encoding   

  12  0:01  Probe (Chrono Boost)  
  13  0:11  Probe (Chrono Boost)  
  14  0:18  Pylon  
  14  0:22  Probe (Chrono Boost)  
  15  0:36  Probe (Chrono Boost)  
  15  0:37  Gateway  
  16  0:47  Probe (Chrono Boost), Assimilator  
  17  0:57  Probe (Chrono Boost)  
  18  1:08  Probe (Chrono Boost)  
  20  1:18  Probe (Chrono Boost)  
  20  1:26  Nexus  
  20  1:33  Cybernetics Core  
  20  1:36  Probe (Chrono Boost)  
  21  1:45  Assimilator  
  21  1:47  Probe (Chrono Boost)  
  21  1:52  Pylon  
  22  1:57  Probe (Chrono Boost)  
  23  2:10  Probe (Chrono Boost), Adept (Chrono Boost)  
  23  2:11  Warp Gate  
  26  2:22  Probe  
  27  2:29  Stargate  
  27  2:34  Probe (Chrono Boost)  
  27  2:35  Adept (Chrono Boost)  
  30  2:38  Probe (Chrono Boost)  
  31  2:45  Probe (Chrono Boost)  
  31  2:49  Probe (Chrono Boost)  
  31  2:50  Gateway  
  33  2:57  Probe (Chrono Boost)  
  34  3:04  Probe (Chrono Boost)  
  35  3:07  Probe (Chrono Boost)  
  35  3:08  Pylon  
  35  3:11  Oracle (Chrono Boost)  
  39  3:15  Adept  
  39  3:16  Probe  
  39  3:19  Probe  
  43  3:26  Probe  
  43  3:31  Probe  
  45  3:37  Probe  
  46  3:43  Probe, Phoenix (Chrono Boost)  
  49  3:49  Nexus  
  49  3:53  Probe  
  49  3:55  Pylon  
  50  3:58  Mothership Core  
  52  4:03  Probe  
  53  4:14  Probe, Phoenix (Chrono Boost)  
  56  4:19  Probe  
  57  4:24  Probe, Adept x2  
  62  4:31  Pylon  
  62  4:32  Assimilator  
  62  4:48  Forge, Twilight Council  
  62  4:49  Probe x2 (Chrono Boost)  
  62  4:52  Assimilator  
  64  4:58  Adept x2  
  68  5:00  Probe x2 (Chrono Boost)  
  68  5:10  Phoenix  
  68  5:11  Probe x2 (Chrono Boost)  
  71  5:21  Probe x2 (Chrono Boost)  
  71  5:25  Adept x2  
  67  5:32  Probe x2 (Chrono Boost)  
  67  5:35  Phoenix  
  69  5:41  Pylon  
  69  5:42  Probe (Chrono Boost)  
  70  5:43  Pylon  
  70  5:45  Protoss Ground Weapons Level 1 (Chrono Boost)  
  70  5:49  Resonating Glaives (Chrono Boost)  
  70  5:50  Pylon  
  70  5:57  Probe  
  70  5:59  Probe  
  70  6:00  Phoenix  
  70  6:01  Adept x2  
  74  6:08  Probe  
  67  6:11  Probe  
  58  6:19  Probe  
  58  6:23  Probe, Adept x2  
  58  6:25  Phoenix  
  64  6:27  Nexus  
  64  6:29  Probe  
  65  6:35  Probe  
  65  6:36  Pylon  
  65  6:39  Robotics Facility  
  66  6:41  Probe  
  67  6:47  Probe, Gateway  
  67  6:49  Gateway  
  67  6:54  Probe  
  69  6:55  Adept x2  
  69  6:59  Gateway  
  69  7:00  Probe  
  69  7:01  Phoenix  
  76  7:06  Probe  
  77  7:12  Probe  
  78  7:18  Probe  
  78  7:22  Gateway  
  79  7:23  Gateway  
  79  7:24  Probe  
  79  7:25  Adept x2  
  80  7:30  Probe  
  80  7:32  Pylon  
  70  7:41  Probe  
  70  7:42  Probe x2  
  70  7:43  Adept x2  
  72  7:49  Phoenix  
  70  7:54  Probe, Adept x2  
  77  7:59  Protoss Ground Armor Level 1 (Chrono Boost)  
  77  8:02  Sentry, Assimilator  
  77  8:04  Assimilator  
  77  8:07  Mothership Core, Adept x2  
  77  8:11  Probe  
  84  8:13  Photon Cannon  
  84  8:19  Adept x2  
  88  8:23  Observer (Chrono Boost)  
  88  8:25  Adept x2  
  93  8:28  Adept  
  93  8:32  Adept x2  
  99  8:38  Pylon  
  99  8:44  Adept x2  
  99  8:46  Phoenix  
  105  8:48  Adept  
  107  9:04  Adept x5  
  107  9:09  Adept x2  
  89  9:26  Adept x3  
  89  9:27  Adept x2  
  89  9:31  Adept x2  
Show
View Real Time Build Order
Export as new Build Order

ByuN Terran - Winner!

Build Orders: MMM Bio 

Get SALT Encoding   

  12  0:00  SCV  
  13  0:12  SCV  
  14  0:17  Supply Depot  
  14  0:25  SCV  
  15  0:38  SCV  
  15  0:39  Barracks  
  16  0:43  Refinery  
  16  0:50  SCV  
  17  1:02  SCV  
  18  1:15  SCV  
  19  1:26  Marine  
  19  1:27  Orbital Command  
  20  1:42  Command Center  
  20  1:52  Factory  
  20  1:55  SCV  
  21  2:01  Refinery  
  21  2:03  Barracks Reactor  
  21  2:07  SCV  
  22  2:14  Supply Depot  
  22  2:20  SCV  
  23  2:35  SCV  
  23  2:36  Starport, Widow Mine  
  24  2:39  Marine x2  
  28  2:48  SCV  
  29  2:54  Orbital Command  
  29  2:57  Marine  
  29  2:58  Marine  
  31  3:00  SCV  
  31  3:05  Widow Mine  
  32  3:12  SCV, Medivac  
  37  3:17  Marine  
  37  3:18  Marine  
  39  3:23  Supply Depot  
  39  3:26  SCV x2  
  41  3:35  Supply Depot  
  41  3:37  Cyclone  
  45  3:43  Viking  
  45  3:47  Marine x2  
  48  3:50  SCV  
  48  3:52  SCV  
  50  4:03  SCV  
  50  4:04  SCV, Barracks  
  50  4:05  Marine x2  
  54  4:15  SCV  
  54  4:16  SCV  
  56  4:19  Cyclone  
  56  4:23  Marine x2  
  61  4:33  Barracks, Viking  
  61  4:36  SCV x2  
  61  4:38  Supply Depot  
  64  4:41  Marine x2  
  66  4:48  SCV x2  
  68  4:54  Barracks Tech Lab  
  68  4:57  Engineering Bay  
  68  4:58  Marine x2  
  70  5:00  SCV x2  
  70  5:05  Starport Reactor, Factory Reactor  
  70  5:12  SCV x2  
  70  5:15  Supply Depot  
  68  5:21  Marine x2  
  68  5:24  SCV x2  
  67  5:29  Stimpack, Marine  
  67  5:34  Refinery  
  66  5:36  SCV x2  
  66  5:39  Marine x2  
  70  5:46  Terran Infantry Weapons Level 1  
  70  5:47  Marine  
  70  5:48  SCV, Factory Reactor  
  70  5:49  Marine x2  
  74  5:50  Medivac  
  74  5:54  Medivac  
  78  6:03  Marine x2  
  80  6:06  Marine  
  80  6:07  Marine x2  
  80  6:09  SCV x2  
  79  6:13  Command Center  
  72  6:20  Marine x2  
  72  6:24  Marine x2  
  72  6:25  Marine  
  76  6:27  SCV  
  76  6:30  Barracks, Widow Mine  
  76  6:32  Widow Mine  
  76  6:34  Barracks  
  76  6:36  SCV  
  76  6:38  Marine x2, Refinery  
  76  6:39  SCV  
  82  6:41  Supply Depot  
  82  6:42  Supply Depot  
  82  6:43  Medivac x2  
  86  6:50  Supply Depot  
  86  6:51  Marine x2  
  89  6:54  Supply Depot  
  89  6:58  SCV, Marine, Supply Depot  
  89  6:59  Widow Mine  
  89  7:00  Liberator  
  93  7:03  Marine  
  93  7:07  Marine  
  94  7:10  SCV x2  
  96  7:20  Marine  
  96  7:21  Barracks Tech Lab  
  96  7:22  SCV x2, Barracks Tech Lab  
  101  7:24  Marine x3  
  101  7:30  Combat Shields  
  101  7:31  SCV  
  101  7:34  SCV x2  
  100  7:37  Marine x2  
  100  7:39  Widow Mine  
  100  7:41  Marine  
  100  7:42  Marine x3  
  105  7:46  Marauder, SCV x2  
  105  7:48  Orbital Command  
  103  7:57  Missile Turret  
  103  7:58  SCV x2  
  102  8:00  Concussive Shells  
  102  8:07  Liberator  
  102  8:09  Marauder x3  
  102  8:10  Liberator, Marine x2  
  102  8:11  Marine  
  102  8:12  Marine  
  114  8:17  Armory  
  114  8:19  Engineering Bay, Missile Turret  
  112  8:23  Widow Mine x2  
  119  8:31  Marine x2  
  119  8:32  Marine x2  
  128  8:34  Marauder  
  128  8:37  Marauder x2  
  132  8:43  SCV x2  
  132  8:44  Refinery  
  132  8:45  Refinery  
  134  8:49  Supply Depot  
  134  8:52  Missile Turret  
  134  8:54  Marine x4  
  140  8:56  Marauder  
  140  8:58  Marauder, Widow Mine x2  
  140  9:01  SCV x2  
  144  9:05  SCV, Supply Depot  
  144  9:07  Marauder  
  143  9:12  Marine x2  
  143  9:13  SCV x2  
  149  9:17  Marauder  
  149  9:19  Marauder  
Tags
 
Add a new tag
Caveats
  • Supply blocks, unpowered buildings, or Contaminate may cause inaccurate times.
  • Supply counts are checked every 10 seconds.